General information
			
			
        
        - name: BNet
 
        - type: Ladder team game (AT/RT)
 
        - host: Battle.net
 
        - saver: BEAR_AND
 
        
map: CopperCanyon 
        - players: 6
 
        - length: 85:03
 
        - speed: Fast
 - version: 1.21 W3XP
 - replay type:  

 
» download(677 KB)
Players
        team 1 (winner) 
              
              
BEAR_AND (
yellow | 67 APM | 5720 actions | 85:03)
              
 6 Tauren Chieftain 
 3 Shockwave
 2 Endurance Aura
 1 Reincarnation
 
                » actions 
                
                | Assign group hotkey | 20 |  | 
| Basic commands | 13 |  | 
| Build / train | 90 |  | 
| Enter build submenu | 52 |  | 
| Enter hero's abilities submenu | 6 |  | 
| Give item / drop item | 11 |  | 
| Remove unit from queue | 2 |  | 
| Right click | 3668 |  | 
| Select / deselect | 473 |  | 
| Select group hotkey | 1082 |  | 
| Use ability | 302 |  | 
                5720 total
 » units 
                
                | Peon | 14 |  | 
| Raider | 1 |  | 
| Troll Batrider | 29 |  | 
                44 total
 » upgrades
                
                | Spiked Barricades | 1 |  | 
| Ranged Weapons | 1 |  | 
| Reinforced Defenses | 1 |  | 
| Liquid Fire | 1 |  | 
| Ensnare | 1 |  | 
                5 total
 » buildings
                
                | Orc Burrow | 4 |  | 
| Altar of Storms | 1 |  | 
| War Mill | 1 |  | 
| Watch Tower | 43 |  | 
| Voodoo Lounge | 2 |  | 
| Stronghold | 1 |  | 
| Beastiary | 1 |  | 
| Great Hall | 1 |  | 
| Fortress | 1 |  | 
                55 total
 » build order
                00:20 Orc Burrow
00:32 Altar of Storms
00:50 War Mill
02:16 Watch Tower
02:22 Watch Tower
02:32 Watch Tower
02:58 Watch Tower
03:24 Watch Tower
03:29 Watch Tower
03:54 Watch Tower
03:58 Watch Tower
04:57 Voodoo Lounge
05:21 Watch Tower
05:30 Watch Tower
05:32 Stronghold
05:36 Orc Burrow
06:30 Watch Tower
06:32 Watch Tower
06:53 Watch Tower
06:58 Orc Burrow
07:10 Watch Tower
07:12 Watch Tower
08:00 Beastiary
08:07 Watch Tower
08:55 Watch Tower
09:10 Great Hall
09:37 Watch Tower
11:15 Watch Tower
11:23 Watch Tower
11:33 Orc Burrow
11:41 Watch Tower
12:57 Watch Tower
13:17 Watch Tower
13:23 Watch Tower
13:56 Fortress
13:58 Watch Tower
14:14 Watch Tower
14:19 Watch Tower
14:20 Watch Tower
14:26 Watch Tower
14:27 Watch Tower
15:31 Watch Tower
17:21 Watch Tower
20:53 Watch Tower
20:56 Watch Tower
20:58 Watch Tower
21:00 Watch Tower
21:03 Watch Tower
21:04 Watch Tower
21:07 Watch Tower
21:08 Watch Tower
21:09 Watch Tower
23:43 Watch Tower
23:44 Watch Tower
28:01 Voodoo Lounge
» items
                
                | Healing Salve | 8 |  | 
| Lesser Clarity Potion | 11 |  | 
| Boots of Speed | 1 |  | 
| Staff of Teleportation | 1 |  | 
| Scroll of Town Portal | 7 |  | 
| Orb of Lightning | 1 |  | 
                29 total
  
               
              
              
dirtmcwordup (
green | 61 APM | 5187 actions | 85:02)
              
 5 Archmage 
 3 Blizzard
 2 Brilliance Aura
 2 Paladin 
 1 Holy Light
 1 Divine Shield
 
                » actions 
                
                | Assign group hotkey | 18 |  | 
| Basic commands | 103 |  | 
| Build / train | 144 |  | 
| ESC pressed | 5 |  | 
| Enter build submenu | 134 |  | 
| Enter hero's abilities submenu | 7 |  | 
| Give item / drop item | 7 |  | 
| Right click | 2308 |  | 
| Select / deselect | 627 |  | 
| Select group hotkey | 1280 |  | 
| Use ability | 548 |  | 
                5187 total
 » units 
                
                | Peasant | 20 |  | 
| Dragonhawk Rider | 14 |  | 
                34 total
 » upgrades
                
                | Masonry | 3 |  | 
| Magic Sentry | 1 |  | 
| Lumber Harvesting | 1 |  | 
| Animal War Training | 1 |  | 
| Armor | 1 |  | 
| Swords | 1 |  | 
| Cloud | 1 |  | 
                9 total
 » buildings
                
                | Altar of Kings | 1 |  | 
| Lumber Mill | 2 |  | 
| Farm | 5 |  | 
| Scout Tower | 196 |  | 
| Arcane Tower | 3 |  | 
| Guard Tower | 79 |  | 
| Keep | 1 |  | 
| Arcane Sanctum | 1 |  | 
| Arcane Vault | 1 |  | 
| Gryphon Aviary | 1 |  | 
| Town Hall | 1 |  | 
| Castle | 1 |  | 
| Barracks | 1 |  | 
| Blacksmith | 1 |  | 
                294 total
 » build order
                00:07 Altar of Kings
00:24 Lumber Mill
00:33 Farm
00:44 Scout Tower
01:06 Scout Tower
01:15 Arcane Tower
01:24 Scout Tower
01:33 Arcane Tower
01:39 Scout Tower
01:53 Scout Tower
01:57 Scout Tower
02:02 Farm
02:07 Scout Tower
02:27 Guard Tower
02:30 Scout Tower
02:33 Guard Tower
02:36 Scout Tower
02:38 Scout Tower
02:59 Guard Tower
03:02 Scout Tower
03:10 Scout Tower
03:10 Scout Tower
03:27 Guard Tower
03:30 Guard Tower
03:32 Guard Tower
03:38 Scout Tower
03:52 Guard Tower
03:58 Guard Tower
04:03 Scout Tower
04:04 Scout Tower
04:05 Scout Tower
04:08 Scout Tower
04:08 Scout Tower
04:11 Guard Tower
04:13 Scout Tower
04:14 Scout Tower
04:16 Scout Tower
04:18 Scout Tower
04:21 Scout Tower
04:28 Farm
04:34 Guard Tower
04:55 Guard Tower
04:58 Scout Tower
05:23 Guard Tower
05:27 Scout Tower
05:29 Scout Tower
05:32 Scout Tower
05:35 Scout Tower
05:37 Scout Tower
05:41 Guard Tower
05:45 Scout Tower
05:50 Scout Tower
05:51 Scout Tower
05:52 Scout Tower
05:53 Scout Tower
05:56 Guard Tower
05:58 Scout Tower
05:59 Scout Tower
06:04 Scout Tower
06:06 Scout Tower
06:13 Guard Tower
06:16 Guard Tower
06:19 Scout Tower
06:27 Scout Tower
06:28 Scout Tower
06:31 Guard Tower
06:33 Scout Tower
06:33 Scout Tower
06:37 Scout Tower
06:42 Guard Tower
06:45 Guard Tower
06:50 Guard Tower
07:09 Guard Tower
07:12 Keep
07:14 Guard Tower
07:42 Guard Tower
07:45 Scout Tower
07:46 Scout Tower
07:49 Scout Tower
07:50 Scout Tower
07:55 Scout Tower
07:55 Scout Tower
07:56 Scout Tower
07:58 Scout Tower
08:01 Guard Tower
08:03 Scout Tower
08:03 Scout Tower
08:05 Scout Tower
08:08 Scout Tower
08:09 Scout Tower
08:09 Scout Tower
08:26 Guard Tower
08:37 Guard Tower
08:52 Guard Tower
08:58 Scout Tower
08:59 Scout Tower
09:00 Scout Tower
09:00 Scout Tower
09:03 Scout Tower
09:03 Scout Tower
09:03 Scout Tower
09:04 Scout Tower
09:11 Guard Tower
09:16 Scout Tower
09:17 Scout Tower
09:17 Scout Tower
09:18 Scout Tower
09:32 Scout Tower
09:33 Scout Tower
09:35 Arcane Sanctum
09:39 Guard Tower
09:42 Scout Tower
09:43 Scout Tower
09:44 Scout Tower
09:44 Scout Tower
09:45 Scout Tower
09:46 Scout Tower
09:53 Guard Tower
09:56 Guard Tower
10:14 Scout Tower
10:14 Scout Tower
10:15 Scout Tower
10:15 Scout Tower
10:26 Guard Tower
10:28 Scout Tower
10:28 Scout Tower
10:29 Scout Tower
10:34 Guard Tower
10:48 Scout Tower
10:49 Scout Tower
10:50 Scout Tower
10:51 Scout Tower
10:57 Guard Tower
11:08 Guard Tower
11:14 Lumber Mill
11:42 Guard Tower
11:54 Arcane Vault
11:59 Gryphon Aviary
12:19 Guard Tower
12:21 Guard Tower
12:23 Scout Tower
12:24 Scout Tower
12:24 Scout Tower
12:39 Guard Tower
12:43 Guard Tower
12:46 Guard Tower
13:55 Town Hall
13:59 Scout Tower
14:00 Scout Tower
14:00 Scout Tower
14:01 Scout Tower
14:04 Scout Tower
14:05 Scout Tower
14:07 Scout Tower
14:08 Scout Tower
14:09 Scout Tower
14:10 Scout Tower
14:16 Guard Tower
14:29 Scout Tower
14:31 Scout Tower
14:32 Scout Tower
14:32 Scout Tower
14:34 Scout Tower
14:35 Scout Tower
14:35 Scout Tower
14:36 Scout Tower
14:41 Scout Tower
14:41 Scout Tower
14:42 Scout Tower
14:43 Scout Tower
14:56 Guard Tower
14:57 Guard Tower
15:16 Farm
15:23 Scout Tower
15:24 Scout Tower
15:27 Scout Tower
15:35 Guard Tower
15:45 Guard Tower
15:52 Guard Tower
16:06 Farm
16:16 Guard Tower
16:18 Scout Tower
16:28 Scout Tower
16:29 Scout Tower
16:37 Scout Tower
16:40 Scout Tower
16:41 Scout Tower
16:43 Scout Tower
16:54 Guard Tower
16:57 Scout Tower
16:58 Scout Tower
17:08 Guard Tower
17:14 Castle
17:18 Barracks
17:35 Guard Tower
17:40 Scout Tower
17:41 Scout Tower
17:42 Scout Tower
18:10 Guard Tower
18:19 Guard Tower
18:31 Guard Tower
18:37 Scout Tower
18:44 Scout Tower
18:47 Scout Tower
18:59 Guard Tower
19:03 Scout Tower
19:04 Scout Tower
19:05 Scout Tower
19:05 Scout Tower
19:07 Guard Tower
19:40 Guard Tower
19:46 Scout Tower
19:47 Scout Tower
19:48 Scout Tower
19:48 Scout Tower
20:16 Guard Tower
20:21 Scout Tower
20:23 Scout Tower
20:24 Scout Tower
20:25 Scout Tower
20:35 Guard Tower
20:44 Blacksmith
20:49 Guard Tower
20:51 Guard Tower
21:27 Guard Tower
21:30 Scout Tower
21:31 Scout Tower
21:32 Scout Tower
21:32 Scout Tower
21:34 Guard Tower
21:52 Scout Tower
21:53 Scout Tower
21:54 Scout Tower
21:55 Scout Tower
21:57 Guard Tower
22:00 Guard Tower
22:11 Guard Tower
22:56 Scout Tower
22:57 Scout Tower
22:58 Scout Tower
23:03 Scout Tower
23:05 Scout Tower
23:08 Scout Tower
23:09 Scout Tower
23:10 Scout Tower
23:17 Scout Tower
23:18 Scout Tower
23:22 Scout Tower
23:22 Scout Tower
23:34 Guard Tower
23:38 Scout Tower
23:39 Scout Tower
23:40 Scout Tower
23:41 Scout Tower
23:42 Scout Tower
23:43 Scout Tower
23:44 Scout Tower
23:45 Scout Tower
23:58 Guard Tower
24:03 Guard Tower
24:17 Guard Tower
24:43 Guard Tower
26:17 Guard Tower
26:19 Scout Tower
26:19 Scout Tower
26:20 Scout Tower
26:22 Scout Tower
27:45 Scout Tower
27:46 Scout Tower
27:46 Scout Tower
27:49 Scout Tower
27:50 Scout Tower
27:51 Scout Tower
28:29 Guard Tower
28:50 Scout Tower
28:52 Scout Tower
28:53 Scout Tower
28:55 Scout Tower
28:56 Scout Tower
29:11 Guard Tower
29:15 Scout Tower
29:25 Scout Tower
29:27 Scout Tower
29:29 Scout Tower
29:29 Scout Tower
29:30 Scout Tower
29:31 Scout Tower
29:49 Guard Tower
29:54 Guard Tower
30:17 Guard Tower
31:19 Guard Tower
41:22 Guard Tower
80:39 Scout Tower
81:34 Arcane Tower
» items
                
                | Staff of Teleportation | 1 |  | 
| Boots of Speed | 1 |  | 
| Staff of Sanctuary | 2 |  | 
| Orb of Fire | 1 |  | 
| Scroll of Regeneration | 1 |  | 
| Scroll of Town Portal | 2 |  | 
                8 total
  
               
              
              
Mata. (
pink | 171 APM | 14579 actions | 85:02)
              
 8 Priestess of the Moon 
 3 Searing Arrows
 3 Trueshot Aura
 1 Starfall
 1 Scout
 
                » actions 
                
                | Assign group hotkey | 827 |  | 
| Basic commands | 2 |  | 
| Build / train | 102 |  | 
| Enter build submenu | 26 |  | 
| Enter hero's abilities submenu | 8 |  | 
| Give item / drop item | 3 |  | 
| Remove unit from queue | 2 |  | 
| Right click | 6503 |  | 
| Select / deselect | 918 |  | 
| Select group hotkey | 5845 |  | 
| Use ability | 343 |  | 
                14579 total
 » units 
                
                | Wisp | 39 |  | 
| Chimaera | 10 |  | 
| Hippogryph | 9 |  | 
                58 total
 » upgrades
                
                | Ultravision | 1 |  | 
| Nature's Blessing | 1 |  | 
| Well Spring | 1 |  | 
| Reinforced Hides | 3 |  | 
| Strength of the Wild | 3 |  | 
| Corrosive Breath | 1 |  | 
                10 total
 » buildings
                
                | Altar of Elders | 1 |  | 
| Moon Well | 9 |  | 
| Ancient of War | 1 |  | 
| Tree of Ages | 2 |  | 
| Tree of Life | 2 |  | 
| Hunter's Hall | 1 |  | 
| Ancient of Wonders | 1 |  | 
| Tree of Eternity | 2 |  | 
| Ancient of Wind | 1 |  | 
| Chimaera Roost | 3 |  | 
                23 total
 » build order
                00:07 Altar of Elders
00:19 Moon Well
01:51 Moon Well
02:06 Ancient of War
05:01 Moon Well
05:02 Moon Well
05:03 Moon Well
07:08 Tree of Ages
07:13 Tree of Life
09:18 Hunter's Hall
10:56 Ancient of Wonders
11:08 Tree of Eternity
14:35 Ancient of Wind
17:50 Chimaera Roost
23:05 Tree of Life
28:02 Moon Well
28:03 Moon Well
29:19 Chimaera Roost
29:20 Chimaera Roost
34:19 Moon Well
34:20 Moon Well
» items
                
                | Boots of Speed | 1 |  | 
| Staff of Teleportation | 1 |  | 
| Healing Salve | 3 |  | 
| Scroll of Town Portal | 5 |  | 
| Staff of Preservation | 1 |  | 
                11 total
  
               team 2 (loser) 
              
              
CountSupernal (
purple | 82 APM | 6958 actions | 85:02)
              
 6 Death Knight 
 3 Death Coil
 3 Unholy Aura
 5 Lich 
 3 Frost Nova
 2 Frost Armor
 
                » actions 
                
                | Assign group hotkey | 307 |  | 
| Basic commands | 263 |  | 
| Build / train | 100 |  | 
| ESC pressed | 4 |  | 
| Enter build submenu | 19 |  | 
| Enter hero's abilities submenu | 11 |  | 
| Give item / drop item | 11 |  | 
| Remove unit from queue | 1 |  | 
| Right click | 3442 |  | 
| Select / deselect | 926 |  | 
| Select group hotkey | 1312 |  | 
| Use ability | 562 |  | 
                6958 total
 » units 
                
                | Acolyte | 10 |  | 
| Ghoul | 4 |  | 
| Crypt Fiend | 17 |  | 
| Goblin Zeppelin | 2 |  | 
| Frost Wyrm | 9 |  | 
| Obsidian Statue | 3 |  | 
                45 total
 » upgrades
                
                | Creature Attack | 3 |  | 
| Web | 1 |  | 
| Burrow | 1 |  | 
| Freezing Breath | 1 |  | 
| Creature Carapace | 3 |  | 
                9 total
 » buildings
                
                | Graveyard | 1 |  | 
| Crypt | 2 |  | 
| Altar of Darkness | 1 |  | 
| Ziggurat | 7 |  | 
| Tomb of Relics | 1 |  | 
| Halls of the Dead | 2 |  | 
| Black Citadel | 2 |  | 
| Necropolis | 1 |  | 
| Sacrificial Pit | 1 |  | 
| Slaughterhouse | 1 |  | 
| Boneyard | 2 |  | 
| Spirit Tower | 2 |  | 
                23 total
 » build order
                00:05 Graveyard
00:06 Crypt
00:41 Altar of Darkness
00:56 Ziggurat
01:22 Tomb of Relics
02:01 Ziggurat
03:20 Ziggurat
03:58 Crypt
05:35 Ziggurat
06:32 Halls of the Dead
06:32 Halls of the Dead
08:01 Ziggurat
09:37 Black Citadel
09:37 Black Citadel
09:43 Necropolis
12:02 Sacrificial Pit
12:07 Slaughterhouse
13:02 Ziggurat
13:03 Ziggurat
13:07 Boneyard
13:11 Boneyard
17:53 Spirit Tower
17:56 Spirit Tower
» items
                
                | Rod of Necromancy | 1 |  | 
| Dust of Appearance | 1 |  | 
| Lesser Clarity Potion | 2 |  | 
| Potion of Lesser Invulnerability | 2 |  | 
| Scroll of Healing | 3 |  | 
| Scroll of Town Portal | 3 |  | 
                12 total
  
               
              
              
DarkArcherDavid (
red | 101 APM | 8616 actions | 85:02)
              
 6 Mountain King 
 3 Storm Bolt
 2 Bash
 1 Avatar
 8 Blood Mage 
 3 Banish
 2 Siphon Mana
 2 Flame Strike
 1 Summon Phoenix
 
                » actions 
                
                | Assign group hotkey | 382 |  | 
| Basic commands | 188 |  | 
| Build / train | 96 |  | 
| ESC pressed | 7 |  | 
| Enter build submenu | 50 |  | 
| Enter hero's abilities submenu | 13 |  | 
| Give item / drop item | 6 |  | 
| Right click | 4370 |  | 
| Select / deselect | 1801 |  | 
| Select group hotkey | 1335 |  | 
| Use ability | 368 |  | 
                8616 total
 » units 
                
                | Peasant | 12 |  | 
| Footman | 6 |  | 
| Goblin Shredder | 1 |  | 
| Sorceress | 2 |  | 
| Spell Breaker | 1 |  | 
| Siege Engine | 9 |  | 
| Flying Machine | 4 |  | 
| Mortar Team | 3 |  | 
                38 total
 » upgrades
                
                | Defend | 1 |  | 
| Masonry | 2 |  | 
| Lumber Harvesting | 1 |  | 
| Sorceress Training | 1 |  | 
| Gunpowder | 3 |  | 
| Barrage | 1 |  | 
| Plating | 3 |  | 
| Armor | 1 |  | 
| Fragmentation Shards | 1 |  | 
| Flak Cannons | 1 |  | 
| Flying Machine Bombs | 1 |  | 
| Flare | 1 |  | 
                17 total
 » buildings
                
                | Altar of Kings | 1 |  | 
| Barracks | 1 |  | 
| Farm | 19 |  | 
| Arcane Vault | 1 |  | 
| Keep | 1 |  | 
| Lumber Mill | 3 |  | 
| Arcane Sanctum | 2 |  | 
| Town Hall | 2 |  | 
| Scout Tower | 9 |  | 
| Guard Tower | 7 |  | 
| Castle | 2 |  | 
| Blacksmith | 2 |  | 
| Workshop | 4 |  | 
                54 total
 » build order
                00:07 Altar of Kings
00:21 Barracks
00:36 Farm
00:51 Farm
01:55 Arcane Vault
02:32 Farm
02:58 Keep
04:34 Lumber Mill
05:01 Farm
06:24 Arcane Sanctum
06:39 Arcane Sanctum
06:54 Town Hall
06:56 Town Hall
07:49 Scout Tower
08:10 Scout Tower
08:38 Guard Tower
08:39 Scout Tower
08:45 Guard Tower
09:27 Guard Tower
09:28 Guard Tower
10:11 Castle
10:12 Castle
10:41 Blacksmith
11:38 Workshop
11:41 Workshop
11:44 Workshop
11:52 Workshop
11:56 Blacksmith
13:05 Farm
13:24 Farm
13:26 Farm
13:41 Farm
13:45 Farm
13:52 Farm
14:03 Farm
14:23 Farm
14:26 Farm
14:27 Farm
16:14 Scout Tower
16:18 Scout Tower
16:21 Scout Tower
16:26 Scout Tower
16:28 Scout Tower
16:41 Farm
16:44 Farm
16:46 Farm
16:49 Guard Tower
17:57 Guard Tower
18:00 Scout Tower
20:16 Farm
24:30 Guard Tower
74:15 Farm
83:16 Lumber Mill
83:25 Lumber Mill
» items
                
                | Lesser Clarity Potion | 5 |  | 
| Scroll of Regeneration | 2 |  | 
| Dust of Appearance | 1 |  | 
| Potion of Mana | 1 |  | 
| Staff of Sanctuary | 2 |  | 
| Tome of Retraining | 1 |  | 
                12 total
  
               
              
              
japswordmanHUK (
teal | 120 APM | 9964 actions | 83:02)
              
 5 Tauren Chieftain 
 3 Shockwave
 2 Endurance Aura
 5 Shadow Hunter 
 3 Healing Wave
 1 Serpent Ward
 1 Hex
 
                » actions 
                
                | Assign group hotkey | 66 |  | 
| Basic commands | 77 |  | 
| Build / train | 97 |  | 
| ESC pressed | 3 |  | 
| Enter build submenu | 62 |  | 
| Enter hero's abilities submenu | 12 |  | 
| Give item / drop item | 8 |  | 
| Right click | 4906 |  | 
| Select / deselect | 941 |  | 
| Select group hotkey | 3574 |  | 
| Use ability | 218 |  | 
                9964 total
 » units 
                
                | Peon | 17 |  | 
| Grunt | 3 |  | 
| Kodo Beast | 1 |  | 
| Razormane Medicine Man | 1 |  | 
| Troll Batrider | 12 |  | 
| Demolisher | 7 |  | 
                41 total
 » upgrades
                
                | Ranged Weapons | 1 |  | 
| Spiked Barricades | 1 |  | 
| Shaman Training | 1 |  | 
| Liquid Fire | 1 |  | 
| Pillage | 1 |  | 
| Armor | 1 |  | 
| Burning Oil | 1 |  | 
| War Drums Damage Increase | 1 |  | 
                8 total
 » buildings
                
                | Altar of Storms | 2 |  | 
| Orc Burrow | 5 |  | 
| Voodoo Lounge | 4 |  | 
| Barracks | 1 |  | 
| Stronghold | 1 |  | 
| War Mill | 1 |  | 
| Fortress | 1 |  | 
| Spirit Lodge | 1 |  | 
| Beastiary | 2 |  | 
| Watch Tower | 38 |  | 
| Great Hall | 1 |  | 
                57 total
 » build order
                00:06 Altar of Storms
00:08 Orc Burrow
00:50 Voodoo Lounge
01:37 Barracks
02:48 Stronghold
03:14 Orc Burrow
03:22 War Mill
05:30 Fortress
05:34 Spirit Lodge
05:38 Beastiary
05:55 Orc Burrow
07:40 Orc Burrow
07:44 Watch Tower
08:59 Watch Tower
09:02 Watch Tower
09:31 Great Hall
10:30 Watch Tower
11:01 Watch Tower
13:29 Beastiary
13:32 Watch Tower
14:01 Watch Tower
14:03 Orc Burrow
14:05 Watch Tower
14:48 Watch Tower
15:08 Watch Tower
15:11 Watch Tower
15:18 Watch Tower
15:42 Watch Tower
15:53 Watch Tower
16:46 Watch Tower
17:00 Watch Tower
17:42 Watch Tower
17:58 Watch Tower
18:04 Watch Tower
18:13 Watch Tower
20:50 Voodoo Lounge
20:54 Watch Tower
20:56 Watch Tower
20:57 Watch Tower
21:32 Watch Tower
21:36 Watch Tower
21:37 Watch Tower
21:39 Watch Tower
21:58 Watch Tower
23:36 Altar of Storms
23:50 Watch Tower
23:51 Watch Tower
23:58 Voodoo Lounge
24:18 Watch Tower
24:19 Watch Tower
30:41 Watch Tower
30:44 Watch Tower
31:58 Voodoo Lounge
33:38 Watch Tower
33:41 Watch Tower
33:42 Watch Tower
34:28 Watch Tower
» items
                
                | Healing Salve | 3 |  | 
| Lesser Clarity Potion | 13 |  | 
| Scroll of Speed | 1 |  | 
| Orb of Lightning | 2 |  | 
| Scroll of Town Portal | 3 |  | 
| Tome of Retraining | 1 |  | 
| Potion of Mana | 1 |  | 
| Potion of Healing | 1 |  | 
| Staff of Teleportation | 1 |  | 
                26 total
  
                Chat log
          (00:01 / Allies) BEAR_AND: stay
(00:08 / All) DarkArcherDavid: all the weird dog thoughtsflying around, my anal contractions were less than 10 seconds apart
(00:09 / Allies) Mata.: man
(00:11 / Allies) Mata.: fingaz on altqq
(00:13 / All) japswordmanHUK: 
(00:14 / All) japswordmanHUK: 
(00:14 / All) japswordmanHUK: 
(00:17 / All) CountSupernal: 205/60R15 31H
(00:30 / Allies) dirtmcwordup: gold me like nuts mata
(00:31 / Allies) dirtmcwordup: i tower youl
(00:44 / All) japswordmanHUK: mydicks
(00:44 / All) DarkArcherDavid: never gonna give
(00:46 / All) japswordmanHUK: my dicks
(00:53 / All) CountSupernal: we're no tstrnagewrs
(00:54 / All) dirtmcwordup: u guys gay boy?
(00:58 / All) japswordmanHUK: no
(00:59 / All) DarkArcherDavid: we guys gay boy
(01:01 / All) BEAR_AND: what are u saying
(01:11 / All) DarkArcherDavid: never gonna not suck ur dicks faggots
(01:16 / Allies) dirtmcwordup: sources
(01:16 / Allies) dirtmcwordup: like
(01:17 / Allies) dirtmcwordup: in
(01:18 / Allies) dirtmcwordup: sane
(01:21 / All) BEAR_AND: u like 4chan or what .
(01:26 / All) BEAR_AND: that is stuped website
(01:27 / Allies) Mata.: sources like fourses
(01:28 / All) DarkArcherDavid: 4chun?
(01:33 / All) japswordmanHUK: 4CHAN.DICKS
(01:40 / All) DarkArcherDavid: heh
(01:42 / Allies) dirtmcwordup: ill do that later
(01:43 / Allies) Mata.: wtf?
(01:47 / Allies) dirtmcwordup: fuck
(01:48 / Allies) Mata.: why would you think that would be a good idea
(01:56 / All) japswordmanHUK: my cousin saw that website
(01:56 / All) CountSupernal: :P
(01:57 / All) japswordmanHUK: so gross
(01:59 / All) DarkArcherDavid: IMMA CHARgin my anus
(02:00 / Allies) dirtmcwordup: lum
(02:10 / Allies) dirtmcwordup: are
(02:10 / Allies) dirtmcwordup: you
(02:11 / Allies) Mata.: what the fuck are you doing timg
(02:11 / All) BEAR_AND: yea.  u are 4chan.  shut up 
(02:13 / Allies) dirtmcwordup: kididng me
(02:16 / Allies) Mata.: i'm sorry i didnt get on vent ok
(02:19 / All) DarkArcherDavid: u r
(02:21 / All) DarkArcherDavid: fag
(02:21 / All) CountSupernal: what race you play in starcraft
(02:22 / Allies) Mata.: dont have to be angry at me
(02:23 / Allies) dirtmcwordup: lum me god damn
(02:25 / Allies) BEAR_AND: wood
(02:26 / All) japswordmanHUK: MEXICAN
(02:27 / Allies) BEAR_AND: please
(02:35 / Allies) Mata.: spend it on not aggroing creeps tia
(02:46 / Allies) BEAR_AND: hope he got stompchief
(02:48 / All) DarkArcherDavid: i am an archer named david
(02:54 / Allies) dirtmcwordup: id like to spend it on tower
(02:55 / All) DarkArcherDavid: and in the time of sword and shield
(02:56 / Allies) dirtmcwordup: lummm
(03:11 / Allies) Mata.: an mk
(03:16 / Allies) dirtmcwordup: a lumber!!!
(03:56 / Allies) dirtmcwordup: insaneomaneo lum
(04:06 / Allies) BEAR_AND: wtf
(04:39 / All) BEAR_AND: u call that micro.
(04:42 / All) CountSupernal: YEAH
(05:16 / Allies) Mata.: red wasted like 2x mana supply trying to bolt surround me
(06:00 / Allies) dirtmcwordup: g
(06:00 / Allies) dirtmcwordup: old
(06:07 / Allies) BEAR_AND: help me w/ expo?
(06:18 / Allies) Mata.: heh
(06:55 / Allies) dirtmcwordup: source
(08:22 / Allies) dirtmcwordup: vealed
(08:46 / Allies) dirtmcwordup: need source
(08:50 / Allies) BEAR_AND: wood please
(09:48 / Allies) Mata.: make soem batt
(09:58 / Allies) BEAR_AND: zep
(10:11 / Allies) Mata.: forgt map has those
(10:13 / Allies) BEAR_AND: me2
(10:14 / Allies) Mata.: dk i guess?
(10:22 / Allies) dirtmcwordup: freak
(10:24 / Allies) Mata.: reveal or bat or something
(10:26 / Allies) Mata.: it\s like 1 hit
(10:41 / Allies) BEAR_AND: level
(10:42 / Allies) dirtmcwordup: aw
(10:43 / Allies) dirtmcwordup: soem
(10:49 / All) BEAR_AND: lmao heh
(11:01 / Allies) dirtmcwordup: help me expo
(11:06 / Allies) dirtmcwordup: also some sources.
(11:17 / Allies) Mata.: no seije
(11:23 / All) CountSupernal: TP
(11:23 / All) CountSupernal: TPT
(11:24 / All) CountSupernal: TP
(11:24 / All) CountSupernal: APDF
(11:25 / All) CountSupernal: PADS
(11:26 / Allies) dirtmcwordup: noope
(11:27 / Allies) Mata.: grats you got surred by worst surrer
(11:37 / Allies) dirtmcwordup: he used slow and bolt me
(11:39 / Allies) dirtmcwordup: w/e
(11:46 / Allies) dirtmcwordup: lum por favor.
(11:57 / Allies) Mata.: why havent you expanded yet if you need gold so bad
(12:14 / Allies) dirtmcwordup: i had no sources dang.
(12:16 / Allies) dirtmcwordup: help me expo
(12:20 / Allies) Mata.: wf youre hu
(12:24 / Allies) BEAR_AND: t's easy
(12:25 / Allies) BEAR_AND: creep
(12:27 / Allies) BEAR_AND: like 4 guys
(12:29 / Allies) BEAR_AND: 1 is lvl5
(12:32 / Allies) dirtmcwordup: my guy turn into peasant by the time they reach
(12:36 / Allies) dirtmcwordup: lum
(12:38 / Allies) Mata.: ?
(12:49 / Allies) Mata.: do you really think milit range is 
(13:08 / Allies) Mata.: also chop that
(13:12 / Allies) dirtmcwordup: i am
(13:16 / Allies) dirtmcwordup: i wanna tower it first
(13:43 / Allies) BEAR_AND: wood please
(14:00 / Allies) Mata.: they gettign soem bat
(14:38 / Allies) BEAR_AND: i think only deciding factor in this game is upkeep so far???
(14:53 / Allies) dirtmcwordup: i think i need some sources!
(14:53 / Allies) dirtmcwordup: ty
(15:07 / Allies) dirtmcwordup: we should be good on towers everywhere
(15:11 / Allies) dirtmcwordup: now i just gotta slowly reinforce
(15:19 / Allies) Mata.: speaking of reinforced
(15:26 / Allies) BEAR_AND: will get @ t3
(15:58 / Allies) dirtmcwordup: do you guys got aa
(16:02 / Allies) BEAR_AND: beats
(16:03 / Allies) dirtmcwordup: i havent been able to get shit yet.
(16:11 / Allies) dirtmcwordup: pumpig a few dhawk
(16:19 / Allies) Mata.: share or micro towers
(16:43 / All) BEAR_AND: yea....right
(16:46 / Allies) BEAR_AND: sentry ples
(16:46 / All) CountSupernal: ?
(16:48 / Allies) BEAR_AND: shades are out
(16:50 / Allies) dirtmcwordup: lum
(17:10 / Allies) Mata.: tier 3 timg
(17:31 / Allies) dirtmcwordup: this gonna get sieged to fuck
(17:38 / Allies) Mata.: it'll be long out by time you getting there
(18:05 / Allies) BEAR_AND: gonna try hitting red
(18:07 / Allies) BEAR_AND: we
(18:09 / Allies) BEAR_AND: will see
(18:16 / Allies) Mata.: teal has bat so be on the all lert
(18:18 / Allies) BEAR_AND: yes
(18:40 / Allies) Mata.: killa farm
(18:42 / Allies) Mata.: bat
(18:45 / Allies) Mata.: tank 
(18:47 / Allies) Mata.: and only level 2 towers
(19:36 / Allies) BEAR_AND: gr8
(20:28 / Allies) Mata.: we just won i think
(21:19 / Allies) Mata.: would need bat
(21:23 / Allies) BEAR_AND: ok
(22:05 / Allies) dirtmcwordup: ok got L3 armor
(22:35 / Allies) Mata.: wells mains are gone so they\re spending borrowed gold at this ponit
(22:48 / Allies) Mata.: and purp just fucked up
(23:14 / Allies) Mata.: level 5.5
(23:24 / Allies) Mata.: ?
(23:27 / All) Mata.: ? teal?
(23:31 / All) Mata.: u a noob?
(23:34 / All) japswordmanHUK: yE
(23:34 / All) BEAR_AND: wtf?
(24:06 / Allies) Mata.: those need upgrades i gues
(24:28 / Allies) BEAR_AND: awful
(25:08 / Allies) Mata.: kapow za
(25:48 / Allies) BEAR_AND: through
(25:54 / Allies) Mata.: doesnt matter
(25:57 / Allies) dirtmcwordup: this need help
(26:01 / Allies) BEAR_AND: where
(26:03 / Allies) BEAR_AND: ok
(26:07 / Allies) Mata.: so close to 6...
(26:14 / Allies) dirtmcwordup: i have opened the gatsof hell
(26:21 / Allies) BEAR_AND: got a shock wave comen
(26:27 / Allies) dirtmcwordup: get this mata
(26:31 / Allies) Mata.: yea i got
(26:41 / Allies) BEAR_AND: all gold out
(27:53 / Allies) dirtmcwordup: get orc shop here
(28:03 / Allies) dirtmcwordup: this is mad sweet batle
(28:05 / Allies) dirtmcwordup: battle
(28:29 / Allies) Mata.: the 1 down here kind of gay
(28:45 / Allies) dirtmcwordup: losing ground on both sides
(30:04 / Allies) dirtmcwordup: put on hold after hoy light please oh shit
(30:06 / Allies) dirtmcwordup: i got no gold
(30:06 / Allies) BEAR_AND: did
(30:22 / Allies) dirtmcwordup: haha
(30:25 / Allies) dirtmcwordup: my second mine dies
(30:28 / Allies) dirtmcwordup: and i have 150 gold
(30:45 / Allies) Mata.: gonna get chims i think
(31:31 / Allies) dirtmcwordup: this pretty sweet defense damn i cant get over it
(31:37 / Allies) Mata.: got 6
(31:40 / Allies) BEAR_AND: mega nice
(31:42 / All) BEAR_AND: u
(31:44 / All) BEAR_AND: what do u think
(31:45 / All) BEAR_AND: of us.
(31:50 / All) CountSupernal: this game is fun
(32:12 / Allies) Mata.: i'd sfall but
(32:16 / Allies) Mata.: they have hex ya no
(32:25 / Allies) dirtmcwordup: fyuck
(32:26 / Allies) BEAR_AND: a good staff
(32:35 / Allies) dirtmcwordup: the p[ig was so small
(32:39 / Allies) dirtmcwordup: i shouldve clicked icon in top left
(33:00 / Allies) dirtmcwordup: pwned!
(33:18 / Allies) BEAR_AND: lmao
(33:20 / Allies) dirtmcwordup: hahaahhahahaha
(33:22 / Allies) Mata.: what a lucker bash
(33:40 / Allies) Mata.: again
(33:41 / Allies) Mata.: a lucker bash
(33:53 / Allies) dirtmcwordup: going to bring bat and dhawk to kill a bas
(33:58 / Allies) Mata.: i dont even care i'm going to kill red soon
(34:07 / Allies) BEAR_AND: lol
(34:27 / Allies) dirtmcwordup: this guy wasteing gold
(35:09 / Allies) BEAR_AND: tp
(35:15 / Allies) dirtmcwordup: ud tp
(35:44 / Allies) Mata.: gonna clown on red
(35:52 / Allies) dirtmcwordup: welp
(35:57 / Allies) dirtmcwordup: diodnt think theyd all tp again
(36:23 / Allies) dirtmcwordup: good thing i tower base because
(36:28 / Allies) dirtmcwordup: can go through there
(36:37 / All) japswordmanHUK: i got so much ice
(36:43 / All) japswordmanHUK: im gonna get pnuemonia
(37:02 / Allies) Mata.: keep pressuring teal
(37:14 / All) BEAR_AND: gahahahha lol. u wish.
(37:43 / All) dirtmcwordup: fat boy status: DOWN EATIN PIES!!!!!1
(37:49 / All) dirtmcwordup: EATIN Dirt pie.
(37:52 / Allies) Mata.: yo
(37:53 / Allies) Mata.: do somethin
(37:56 / Allies) Mata.: i got 2 guys up here now
(37:59 / Allies) dirtmcwordup: doing something
(38:22 / Allies) BEAR_AND: NIce
(38:25 / Allies) Mata.: yo i aint losing any wells
(38:26 / Allies) Mata.: just fyi
(38:30 / Allies) Mata.: i'm going to push before that happens
(38:39 / Allies) dirtmcwordup: we will make ud tp
(38:43 / Allies) dirtmcwordup: or teal lose verytihng
(38:44 / Allies) Mata.: hurry up
(39:23 / Allies) BEAR_AND: mata chimhit the ud
(39:27 / Allies) BEAR_AND: or go around for hu
(39:29 / Allies) BEAR_AND: you have 10000
(39:53 / Allies) BEAR_AND: staff
(41:50 / Allies) Mata.: guys dont be fags ok
(41:56 / Allies) BEAR_AND: ?
(41:56 / Allies) dirtmcwordup: stfu!!1
(42:01 / Allies) Mata.: get over here
(42:03 / Allies) Mata.: and i'll fight the
(42:06 / Allies) Mata.: or we leaving my base
(42:52 / Allies) Mata.: ugh timg
(42:54 / Allies) Mata.: we gonna lose cause of you
(42:55 / Allies) Mata.: well
(42:55 / Allies) Mata.: going
(42:57 / Allies) dirtmcwordup: ill staff noob
(43:24 / Allies) dirtmcwordup: dont fight @ tower
(43:35 / Allies) Mata.: you high or drunk?
(43:42 / Allies) dirtmcwordup: stuck like fuck is wha ti am.
(43:48 / Allies) Mata.: god damn
(43:49 / Allies) Mata.: fine
(43:52 / Allies) Mata.: laeve my base; timg massive noob
(44:18 / Allies) dirtmcwordup: sorry mispositioning my level 4 archmage turned that fight
(44:32 / Allies) Mata.: your're king of nthe noobs and havent done anything this game is all :-)
(46:16 / Allies) dirtmcwordup: buying heal scroll
(46:34 / Allies) BEAR_AND: they can't have any gold
(46:41 / Allies) Mata.: is sh out?
(46:53 / Allies) Mata.: i killed him a while ago
(46:53 / Allies) BEAR_AND: no reason to open this
(47:42 / Allies) BEAR_AND: damn
(47:57 / Allies) BEAR_AND: getting a raider
(48:11 / Allies) BEAR_AND: ud coming
(48:12 / Allies) dirtmcwordup: ud mobilizing
(48:13 / Allies) BEAR_AND: nm
(48:35 / Allies) dirtmcwordup: hiding in bushes
(48:46 / Allies) BEAR_AND: gj
(48:46 / Allies) Mata.: sweet bro
(48:47 / Allies) dirtmcwordup: holy caoli
(48:49 / Allies) Mata.: a typical timg play
(49:08 / Allies) dirtmcwordup: what is typical mata play get extremely angry and place blame on everybody else.
(49:15 / Allies) Mata.: probably winning the game
(49:20 / Allies) dirtmcwordup: yo bear and toss me a gold.
(49:31 / Allies) BEAR_AND: all here
(49:43 / Allies) BEAR_AND: coming
(49:49 / Allies) dirtmcwordup: m
(49:49 / Allies) dirtmcwordup: nm
(50:06 / Allies) dirtmcwordup: get raider out
(50:09 / Allies) dirtmcwordup: those towers ar eogne
(50:45 / Allies) dirtmcwordup: lemme give you staff
(50:48 / Allies) dirtmcwordup: so you can heal chim
(50:50 / Allies) Mata.: ya see where it takes me
(50:57 / Allies) dirtmcwordup: takes you here noob?
(51:13 / Allies) BEAR_AND: did u
(51:14 / Allies) BEAR_AND: see that
(51:17 / All) BEAR_AND: bwhahahahah
(51:36 / All) CountSupernal: i never heard sumone say bwa
(51:54 / All) CountSupernal: CUBE
(52:22 / Allies) BEAR_AND: mata they expect you to hit there 
(52:26 / Allies) BEAR_AND: you should switch up imo
(52:31 / Allies) dirtmcwordup: shade
(52:42 / Allies) dirtmcwordup: patrilling
(52:52 / Allies) BEAR_AND: stupid
(53:08 / Allies) BEAR_AND: it's a big base race
(53:11 / Allies) BEAR_AND: use your 80food chim,,.,
(53:18 / Allies) Mata.: if we had invis i could just sfall pop a base 
(53:46 / Allies) Mata.: a i see.
(54:17 / Allies) dirtmcwordup: put owl imo
(54:36 / Allies) Mata.: this good, this whole base was potential gold
(54:45 / Allies) dirtmcwordup: cant cut through
(54:52 / Allies) dirtmcwordup: id advise agains tsplitting up
(55:09 / Allies) dirtmcwordup: they coming
(55:24 / Allies) BEAR_AND: i want brill
(55:34 / All) japswordmanHUK: OWL
(55:36 / Allies) BEAR_AND: for working on mid
(55:40 / All) BEAR_AND: yea.....what about it
(55:47 / Allies) Mata.: gonna cut me off
(55:52 / Allies) BEAR_AND: put em over water
(55:55 / All) CountSupernal: i heard you hacked
(55:58 / All) BEAR_AND: huh
(56:06 / Allies) Mata.: yea
(56:15 / Allies) Mata.: we gotta defend your base i guess
(56:28 / Allies) Mata.: if not for 6 mk we could take i think
(57:12 / Allies) BEAR_AND: gonna do some SW at red
(57:18 / Allies) BEAR_AND: gimme owl
(57:24 / Allies) Mata.: is level 1
(57:26 / Allies) Mata.: very short dur
(57:28 / All) CountSupernal: THAT STINGS
(57:49 / Allies) Mata.: i'll staff over and sfall i guess?
(58:08 / Allies) dirtmcwordup: idiot
(58:10 / Allies) dirtmcwordup: why let her tank
(58:12 / Allies) BEAR_AND: real;ized before
(58:12 / Allies) dirtmcwordup: you are big idiot
(58:20 / Allies) Mata.: well gotta tp
(58:21 / Allies) BEAR_AND: lag prob
(58:34 / Allies) BEAR_AND: lmao
(59:09 / Allies) Mata.: god damn do we need ankm
(59:19 / Allies) BEAR_AND: ankm?
(59:23 / Allies) Mata.: mk snoob
(59:33 / Allies) dirtmcwordup: you could own that statue and mortar and some fiend
(59:35 / All) CountSupernal: is web autocsat
(59:36 / Allies) dirtmcwordup: and tp out instantly
(59:39 / All) BEAR_AND: heh
(59:40 / Allies) dirtmcwordup: ill tr yto heal a chim
(59:43 / All) BEAR_AND: feh
(59:48 / All) CountSupernal: HEJ?
(59:49 / Allies) Mata.: do they have mort
(59:53 / Allies) dirtmcwordup: before tc gets 6
(59:54 / Allies) dirtmcwordup: they have 1 mort
(59:55 / Allies) BEAR_AND: 1 or 2 at most
(60:02 / Allies) dirtmcwordup: kill ud army and tp
(60:03 / Allies) Mata.: ok want me to do that
(60:07 / Allies) dirtmcwordup: tp immediately probably
(60:09 / Allies) dirtmcwordup: before hero nuke
(60:11 / All) CountSupernal: i puked
(60:13 / Allies) dirtmcwordup: andill heal chim
(60:17 / Allies) Mata.: gobne
(60:26 / Allies) dirtmcwordup: tp
(61:01 / Allies) BEAR_AND: what died
(61:04 / Allies) BEAR_AND: otehr than a fiend or two
(61:08 / Allies) Mata.: a fiend or two
(61:14 / Allies) dirtmcwordup: didnt focus them big snoob
(61:16 / Allies) BEAR_AND: two to four fiends
(61:56 / Allies) BEAR_AND: i tank this time V__________V
(62:02 / Allies) dirtmcwordup: ill cloud
(62:15 / Allies) Mata.: going for what i assume is their lastm ain
(62:28 / Allies) Mata.: cloud it down
(62:40 / Allies) dirtmcwordup: they gonna tp
(62:41 / Allies) dirtmcwordup: fyi
(62:44 / Allies) Mata.: nah
(62:57 / Allies) Mata.: they here
(63:19 / Allies) Mata.: can i get a tp?
(63:22 / Allies) dirtmcwordup: wave and pave (the way)_
(63:34 / Allies) dirtmcwordup: gimme 120g i buy
(63:44 / Allies) Mata.: aight dmwu
(64:23 / Allies) BEAR_AND: horrible purge
(64:25 / Allies) Mata.: they luck a lot imho
(64:28 / Allies) dirtmcwordup: lucker purge
(64:37 / Allies) dirtmcwordup: how many time do i get first swing purge
(64:37 / Allies) Mata.: just get 6 
(64:39 / Allies) dirtmcwordup: maybe 1/100
(64:44 / Allies) Mata.: why hate exp so much?
(64:45 / Allies) dirtmcwordup: nope
(64:47 / Allies) Mata.: 1 wave please
(64:47 / Allies) dirtmcwordup: he rather run
(64:47 / Allies) Mata.: wtf
(64:52 / Allies) dirtmcwordup: dont swave 2 worker for 6 run
(64:53 / Allies) Mata.: he's like fuckkkk get me away
(64:55 / Allies) Mata.: from that level 6
(64:56 / Allies) Mata.: gotta runn
(65:02 / Allies) dirtmcwordup: ahhhhhhh level 6 noonoonnoo
(65:10 / Allies) Mata.: argggggg my level 5 recor
(65:15 / Allies) BEAR_AND: lol
(65:17 / Allies) BEAR_AND: heh.
(65:44 / All) Mata.: lol u chicken?
(65:47 / All) CountSupernal: YEAH
(65:49 / All) CountSupernal: SCURRED
(65:54 / All) DarkArcherDavid: heh
(65:55 / All) DarkArcherDavid: heh
(65:56 / All) DarkArcherDavid: heh
(66:04 / Allies) Mata.: i cant fight him noon
(66:07 / Allies) Mata.: cant fight any of them
(66:08 / Allies) Mata.: they walk aweay
(66:09 / Allies) Mata.: what can id o
(66:44 / Allies) dirtmcwordup: i tried
(66:59 / Allies) dirtmcwordup: level 1 holy light stinks
(67:04 / Allies) Mata.: bear got level 6 despite hardest efforts
(67:09 / Allies) dirtmcwordup: tp
(67:14 / Allies) dirtmcwordup: that our last 1
(67:18 / Allies) BEAR_AND: i got 1200g
(67:19 / Allies) Mata.: use tc miore
(67:20 / Allies) Mata.: isnt bear rich
(67:27 / Allies) dirtmcwordup: man i sold item for that
(67:49 / Allies) Mata.: gonna go there again i think
(68:06 / Allies) BEAR_AND: take them out before we're down to 1 ttower block
(68:23 / Allies) dirtmcwordup: gotta last shot this tower
(68:26 / Allies) dirtmcwordup: he going for 6
(68:42 / Allies) dirtmcwordup: denied
(69:07 / Allies) BEAR_AND: kill
(69:10 / Allies) BEAR_AND: nm
(69:30 / Allies) dirtmcwordup: have you been at least killing shit.
(69:35 / Allies) Mata.: gonna use your bat bear
(69:37 / Allies) BEAR_AND: ok
(69:42 / Allies) dirtmcwordup: like turn aroudn kill a fiend as you tp
(70:30 / Allies) Mata.: ud is on ya
(70:31 / Allies) Mata.: and hu..
(70:54 / Allies) BEAR_AND: kill that main so i don't suicide tp into it
(70:56 / Allies) BEAR_AND: or something
(71:24 / Allies) BEAR_AND: scout owl towards mid please
(71:27 / Allies) BEAR_AND: i can sw those
(71:48 / Allies) BEAR_AND: just go ruin red's base
(71:51 / Allies) Mata.: they assigned tc to defense i think
(71:56 / Allies) BEAR_AND: w/o hero if necessary
(72:37 / Allies) Mata.: timg there is tc there
(72:42 / Allies) dirtmcwordup: tc mid
(73:03 / Allies) BEAR_AND: thry trying to finish
(73:10 / Allies) Mata.: we got time
(73:15 / Allies) BEAR_AND: timg
(73:19 / Allies) BEAR_AND: put half built buildings in hard spot
(73:21 / Allies) dirtmcwordup: gonna need you up here or down there mata
(73:22 / Allies) BEAR_AND: Just in case
(73:36 / Allies) Mata.: hide my toe
(73:43 / Allies) Mata.: lets go for it
(73:46 / Allies) dirtmcwordup: gogogo
(74:04 / Allies) dirtmcwordup: dot
(74:41 / Allies) BEAR_AND: that all
(74:48 / Allies) Mata.: not sending chim home
(74:51 / Allies) BEAR_AND: god
(74:51 / Allies) Mata.: they will be operating out her
(74:52 / Allies) BEAR_AND: goosd
(74:54 / Allies) Mata.: from now on
(75:10 / Allies) BEAR_AND: bats
(75:11 / Allies) Mata.: gonna need shackler now
(75:11 / Allies) BEAR_AND: use em
(75:12 / Allies) dirtmcwordup: staff
(75:12 / Allies) dirtmcwordup: or s
(75:14 / Allies) dirtmcwordup: omethig
(75:21 / Allies) dirtmcwordup: noob
(75:22 / Allies) dirtmcwordup: noobest bat
(75:23 / Allies) Mata.: shitty batting
(75:30 / Allies) Mata.: send tc
(75:35 / Allies) dirtmcwordup: lure wyrm again
(75:39 / Allies) Mata.: shackle
(75:41 / Allies) Mata.: gooooooooooooo
(75:51 / Allies) BEAR_AND: sweat
(75:52 / Allies) Mata.: back a little
(76:10 / Allies) dirtmcwordup: 1 better than none
(76:15 / Allies) Mata.: we got em tied up here for a while bear
(76:16 / Allies) Mata.: so
(76:19 / Allies) Mata.: go a head
(76:23 / Allies) BEAR_AND: gettin some mana & a light
(76:31 / Allies) Mata.: need a light ;
(76:32 / Allies) Mata.: )
(76:42 / Allies) Mata.: want my circlet
(76:53 / Allies) BEAR_AND: rue
(76:55 / Allies) BEAR_AND: sure
(77:33 / Allies) dirtmcwordup: mega ownage
(77:33 / Allies) dirtmcwordup: no
(77:35 / Allies) dirtmcwordup: yes
(77:53 / Allies) Mata.: ud 
(77:55 / Allies) Mata.: is camping red
(78:02 / Allies) BEAR_AND: i can get 2 sw in
(78:02 / Allies) Mata.: i'll make it
(78:11 / Allies) dirtmcwordup: hitting with dhawk
(78:36 / Allies) BEAR_AND: wow
(78:39 / Allies) Mata.: go for him
(78:52 / All) BEAR_AND: gg
(78:54 / All) BEAR_AND: bwahahahhaha
(79:19 / Allies) dirtmcwordup: secret tower JIC just in cae
(79:20 / Allies) dirtmcwordup: case
(79:33 / Allies) Mata.: gonna get supernuked
(79:36 / Allies) dirtmcwordup: bwahaha cannot afford even scout tower.
(79:37 / Allies) BEAR_AND: not going in
(79:37 / Allies) Mata.: useful for staffing to tho
(79:39 / Allies) BEAR_AND: just for st
(79:40 / Allies) BEAR_AND: hyes
(79:47 / Allies) dirtmcwordup: gimme 6
(79:48 / Allies) dirtmcwordup: gold
(80:00 / Allies) Mata.: aint got that kinda cash
(80:14 / Allies) BEAR_AND: what we doing
(80:16 / Allies) BEAR_AND: just rush em
(80:29 / Allies) Mata.: i think they can still end ours heroes quickly
(80:35 / All) japswordmanHUK: f10 for secret grenade menu
(80:41 / Allies) BEAR_AND: can they stop our chim from ruinign all that buildings faster?
(80:53 / Allies) dirtmcwordup: you can wave and run
(80:55 / Allies) dirtmcwordup: wnat my boots
(80:58 / Allies) BEAR_AND: what boots
(80:59 / Allies) Mata.: he have
(81:00 / Allies) BEAR_AND: i have boots
(81:11 / Allies) Mata.: lez end this so i can burg
(81:18 / Allies) dirtmcwordup: lez all go
(81:24 / All) CountSupernal: are you beating off
(81:24 / Allies) Mata.: ok gonna camp by that shop
(81:25 / All) CountSupernal: right now
(81:26 / Allies) BEAR_AND: meet in mid
(81:29 / Allies) BEAR_AND: heh,
(81:33 / Allies) Mata.: i can chim from the treeline
(81:36 / Allies) Mata.: some buildings
(81:42 / Allies) BEAR_AND: top farms are only guarded by tanks really
(81:44 / Allies) Mata.: or maybe even fall?
(81:45 / Allies) BEAR_AND: you could volley them
(81:54 / Allies) Mata.: buy a tp in case shit goes souf
(81:57 / All) BEAR_AND: highper.ch for all replay
(81:59 / Allies) Mata.: or an invuln pot or something
(81:59 / All) BEAR_AND: like this
(82:04 / Allies) BEAR_AND: wtf
(82:07 / Allies) Mata.: who did hat really
(82:10 / All) DarkArcherDavid: who would want to watch that
(82:11 / All) japswordmanHUK: we dont have enough time to watch that replay
(82:12 / Allies) BEAR_AND: i press v after pressing ship
(82:14 / Allies) BEAR_AND: shop'
(82:17 / Allies) BEAR_AND: but i missed shop 
(82:20 / Allies) dirtmcwordup: stupid fat noob
(82:22 / Allies) dirtmcwordup: sutpid
(82:23 / Allies) dirtmcwordup: fat
(82:24 / Allies) dirtmcwordup: noob
(82:24 / All) DarkArcherDavid: its the same stupid thing that noobs always do that they think is funny
(82:26 / Allies) dirtmcwordup: who use custom key
(82:28 / All) DarkArcherDavid: its just tired old and boring
(82:29 / Allies) dirtmcwordup: mess everything up
(82:34 / All) CountSupernal: watching this replay would be worse then jacking off with a steel rod in my dick
(82:35 / Allies) BEAR_AND: you can kill that farm & that smith
(82:40 / Allies) Mata.: doing it
(82:45 / Allies) dirtmcwordup: want me to send hawk in to get webbed
(83:23 / Allies) BEAR_AND: lol
(83:31 / All) Mata.: how ya doin!
(84:10 / Allies) BEAR_AND: just go
(84:13 / Allies) BEAR_AND: you can do it
(84:14 / Allies) Mata.: waiting for ya tc
(84:15 / Allies) dirtmcwordup: yeah just 3 building
(84:18 / Allies) dirtmcwordup: ill send dhawk in first
(84:22 / Allies) Mata.: wait for tc
(84:24 / Allies) Mata.: staff over
(84:30 / Allies) Mata.: with reincarn you can do it i bette
(84:31 / Allies) BEAR_AND: yeah
(84:41 / Allies) Mata.: lets clown on em
(84:44 / All) CountSupernal: we only wanted to chop lumber
(84:45 / Allies) dirtmcwordup: gogogo
(84:54 / Allies) dirtmcwordup: lmfao
(84:55 / Allies) dirtmcwordup: lmfao
(84:56 / All) BEAR_AND: gg